[Event "44th Chess Olympiad Open 2022"]
[Site "Chennai"]
[Date "2022.08.05"]
[Round "7.54"]
[White "Islam Sh.Nour, Kassim"]
[Black "Nsubuga, Haruna"]
[Result "0-1"]
[ECO "A01"]
[WhiteElo "1873"]
[BlackElo "2160"]
[Annotator "TA"]
[PlyCount "252"]
[EventDate "2022.07.29"]
[EventType "team-tourn"]
[EventCountry "IND"]
[SourceTitle "playchess.com"]
[Source "ChessBase"]
[SourceQuality "1"]
[WhiteTeam "Somalia"]
[BlackTeam "Uganda"]
[WhiteTeamCountry "SOM"]
[BlackTeamCountry "UGA"]
[TimeControl "40/5400+30:1800+30"]

1. b3 e5 2. Bb2 Nc6 3. e3 d6 4. Bb5 Nge7 5. d4 a6 6. Bxc6+ {[%emt 0:03:09] A01: Nimzowitsch-Larsen Opening.} Nxc6 7. d5 Ne7 8. c4 $1 {[%emt 0:01:18] The position is equal.} g6 {[%emt 0:01:32] [#]} 9. Ne2 $146 ({Predecessor:} 9. e4 Bg7 10. Ne2 f5 11. Nd2 c5 12. dxc6 bxc6 13. f4 O-O 14. fxe5 dxe5 15. O-O {0-1 (43) Khaziyeva,D (2158)-Poulin,M (2078) Montreal 2010}) 9... Bg7 10. O-O O-O 11. Nbc3 f5 12. f4 c5 (12... Bd7 $11) 13. Qc2 ({White should play} 13. dxc6 $1 $14 bxc6 14. fxe5 Bxe5 15. Na4) 13... b5 $11 14. Nd1 bxc4 15. bxc4 Bd7 16. Nf2 Rb8 17. Bc3 Nc8 18. Rab1 Ra8 (18... Rxb1 $14 19. Rxb1 Qe7) 19. Rb7 $16 Re8 20. Nh3 h6 (20... Ra7 $14 21. Rfb1 Rxb7 22. Rxb7 Re7) 21. Rfb1 Re7 22. Qb2 Ba4 (22... Qe8 $16 {is a better defense.}) 23. Rxe7 Qxe7 24. Qb7 Qxb7 25. Rxb7 Ra7 26. Rb8 Bd7 27. Ba5 Kf7 28. Nf2 $1 e4 29. Nd1 Bf6 30. Ndc3 (30. g4 $142 $1) 30... Ke7 31. Kf2 g5 (31... Kf7 $16) 32. g3 (32. g4 $18) 32... g4 (32... gxf4 $16 33. gxf4 (33. Nxf4 Bxc3 34. Bxc3 a5 $16) 33... Bh4+ 34. Kg2 Kf7) 33. Ke1 $18 h5 34. Kd2 (34. Nd1 $18) 34... h4 35. gxh4 Bxh4 36. Ng3 Kf7 37. Ke1 Bf6 38. Nge2 Kg6 39. Kf2 Bh4+ 40. Kg2 Be1 $2 (40... Bf6 $16 {was worth a try.}) 41. Bb6 $2 (41. Bd8 $18) 41... Nxb6 $11 42. Rxb6 Kf7 43. Rxd6 Rb7 {[%emt 0:00:09] Inhibits Rb6.} 44. Rxa6 (44. Kf1 $5 Bd2 45. Kf2 $11 (45. Rxa6 Bxe3 46. a4 Rb3 $11)) 44... Rb2 45. Kf1 Bd2 46. Ra3 Bxe3 (46... Ke7 $11) 47. Nxe4 $14 Bxf4 (47... Rb1+ $1 $14 48. Kg2 Bxf4) 48. Nxc5 $2 ({White should try} 48. Nxf4 $18 fxe4 49. Ra7) 48... Bd6 $11 {[%emt 0:00:58] A strong pair of Bishops.} 49. Ra7 Bxc5 50. Rxd7+ {[%emt 0:00:05][%mdl 4096] Endgame KRB-KRN} Kf6 {[%emt 0:00:13] Threatens to win with ...Rb1+.} (50... Ke8 $5 51. Rc7 Be3 $11) 51. Rc7 Be3 52. Rc6+ Kf7 53. Re6 {[%emt 0:01:03] [#]} (53. Ng3 $11) 53... f4 $2 (53... Rb1+ $1 $19 54. Kg2 f4 55. Rxe3 fxe3) 54. Nxf4 Bxf4 {[%emt 0:00:00] KRB-KR} 55. Re4 Bxh2 {[%emt 0:00:00] ...g3 is the strong threat.} 56. Rxg4 Rxa2 57. Rh4 Bd6 58. Rh6 Bc5 59. Rc6 Bd4 60. Ke1 Bf6 61. Kd1 Kg6 62. d6 Kf7 63. c5 Bg5 64. Ke1 Ke6 65. Rc8 Rc2 66. Kd1 Rd2+ 67. Ke1 Rh2 68. Kf1 Rc2 69. Ke1 Bf4 70. Kd1 Rc1+ 71. Ke2 Rc3 72. Rc7 Bg5 73. Rc8 Kd7 74. Rc7+ Ke6 75. Rc8 Ra3 76. Rc7 Bd8 77. Rh7 Rc3 78. Rh8 Ba5 79. Rh5 Ra3 80. Rh7 Bd8 81. Rh8 Ra8 82. Kd3 Kd5 83. Rh5+ Kc6 84. Rf5 Bh4 85. Kc4 Rh8 86. Rd5 Bf6 {[%emt 0:00:40] White must now prevent ...Rh4+.} 87. Rd3 Rh4+ 88. Kb3 Kxc5 89. d7 Rb4+ 90. Kc2 Rb8 91. Kd1 Rd8 92. Ke2 Bd4 93. Rh3 Rxd7 94. Kd3 Kd5 95. Rh5+ Be5 96. Rh1 Rf7 97. Rh3 Ra7 98. Rh4 Ra3+ 99. Ke2 Rb3 100. Ra4 Bd4 101. Ra8 Ke4 102. Re8+ Be5 103. Rd8 Rh3 104. Rf8 Re3+ 105. Kd2 Ra3 106. Rc8 Rh3 107. Kc2 Rh2+ 108. Kb3 Rb2+ 109. Ka3 Rb7 110. Ka4 Kd5 111. Rc2 Bd4 112. Rc8 Bc5 113. Rg8 {[%emt 0:03:17] [#]} Kc4 $1 114. Rg4+ Bd4 115. Rg5 Rh7 116. Rf5 Rh1 117. Rf3 Ra1+ 118. Ra3 Rb1 119. Rh3 Rb8 120. Rh5 Ra8+ 121. Ra5 Rb8 122. Rh5 Rb4+ 123. Ka5 Rb7 124. Ka4 Bf2 {[%emt 0:00:43] Black mates.} 125. Rf5 Be3 126. Rf3 Ra7# {[%emt 0:00:09] Black used his chance.  Weighted Error Value: White=0.26 (precise) /Black=0.30} 0-1

[Event "44th Chess Olympiad Open 2022"]
[Site "Chennai"]
[Date "2022.08.05"]
[Round "7.55"]
[White "Gong, Daniel Hanwen"]
[Black "Martyr, Reginald"]
[Result "*"]
[ECO "D80"]
[WhiteElo "2296"]
[BlackElo "2194"]
[Annotator "NA RC"]
[PlyCount "49"]
[EventDate "2022.07.29"]
[EventType "team-tourn"]
[EventCountry "IND"]
[SourceTitle "playchess.com"]
[Source "ChessBase"]
[SourceQuality "1"]
[WhiteTeam "New Zealand"]
[BlackTeam "LCA"]
[WhiteTeamCountry "NZL"]
[TimeControl "40/5400+30:1800+30"]

1. d4 Nf6 2. c4 g6 3. Nc3 d5 4. Bg5 Ne4 5. Bf4 Nxc3 6. bxc3 Bg7 7. e3 O-O 8. Nf3 c5 9. cxd5 cxd4 10. cxd4 Qxd5 11. Be2 Nc6 12. O-O b6 13. Rc1 Bb7 14. Bc4 Qh5 15. Qe2 a6 16. a4 Qa5 17. Rb1 Qxa4 18. Rxb6 Nd8 19. Nd2 a5 20. Nb3 Qd7 21. Nc5 Qc8 22. Nxb7 Nxb7 23. Ba6 Ra7 24. Rfb1 Qc3 25. Rxb7 *

[Event "44th Chess Olympiad Open 2022"]
[Site "Chennai"]
[Date "2022.08.05"]
[Round "7.55"]
[White "Sixtus Gabriel"]
[Black "Xie, Felix"]
[Result "1-0"]
[ECO "B15"]
[WhiteElo "1787"]
[BlackElo "2224"]
[Annotator "ChessBase"]
[PlyCount "89"]
[EventDate "2022.07.29"]
[EventType "team-tourn"]
[EventCountry "IND"]
[SourceTitle "playchess.com"]
[Source "ChessBase"]
[SourceQuality "1"]
[WhiteTeam "LCA"]
[BlackTeam "New Zealand"]
[BlackTeamCountry "NZL"]
[TimeControl "40/5400+30:1800+30"]

1. e4 c6 2. d4 d5 3. Nd2 dxe4 4. Nxe4 Nf6 5. Ng3 h5 6. Bc4 h4 7. N3e2 Bg4 8. h3 Bh5 9. c3 e6 10. Qb3 b5 11. Bd3 Nd5 12. a4 b4 13. c4 Nc7 14. Be3 a5 15. Nf4 Nba6 16. Nxh5 Rxh5 17. Be4 Nb8 18. Bf3 Rh8 19. Rd1 Bd6 20. Ne2 Ra6 21. O-O Nd7 22. Rfe1 Kf8 23. Qd3 g5 24. Nc1 f5 25. d5 Ne5 26. Qe2 cxd5 27. cxd5 exd5 28. Bd4 Nxf3+ 29. Qxf3 Rh7 30. Qxf5+ Rf7 31. Qg4 Be7 32. Nd3 Bf6 33. Ne5 Bxe5 34. Rxe5 Rg6 35. Qh5 Rfg7 36. Rf5+ Kg8 37. Bxg7 Kxg7 38. Re1 d4 39. Rfe5 Nd5 40. Re8 Qd6 41. Qh8+ Kf7 42. Qh7+ Rg7 43. Qf5+ Nf6 44. R1e6 Qd5 45. Re5 1-0

[Event "44th Chess Olympiad Open 2022"]
[Site "Chennai"]
[Date "2022.08.05"]
[Round "7.55"]
[White "Nicholas Arvin"]
[Black "Stark, John"]
[Result "0-1"]
[ECO "A32"]
[WhiteElo "1744"]
[BlackElo "2028"]
[Annotator "TA"]
[PlyCount "70"]
[EventDate "2022.07.29"]
[EventType "team-tourn"]
[EventCountry "IND"]
[SourceTitle "playchess.com"]
[Source "ChessBase"]
[SourceQuality "1"]
[WhiteTeam "LCA"]
[BlackTeam "New Zealand"]
[BlackTeamCountry "NZL"]
[TimeControl "40/5400+30:1800+30"]

1. d4 Nf6 2. c4 e6 3. Nc3 Bb4 4. Bg5 c5 5. Nf3 cxd4 6. Nxd4 {[%emt 0:01:44] [#]} Qb6 $146 {[%emt 0:02:51] A32: Symmetrical English: 2 Nf3 Nf6 3 d4 cxd4 4 Nxd4 e6.} (6... h6 $11 7. Bd2 Nc6) ({Predecessor:} 6... h6 7. Bxf6 Qxf6 8. Rc1 Nc6 9. e3 O-O 10. Be2 d5 11. cxd5 Nxd4 12. exd4 exd5 13. O-O Be6 14. Bf3 {½-½ (26) Elwert,H (2681)-Bang,E (2661) Netherland 1999}) 7. Bxf6 $14 Bxc3+ 8. bxc3 gxf6 {[%emt 0:00:15] White is slightly better.} 9. Rb1 Qc5 10. e3 a6 (10... Nc6 $14) 11. Qf3 $16 Ke7 12. Bd3 (12. Be2 $16) 12... Nc6 $11 13. Nb3 $1 Qd6 14. Rd1 Ne5 15. Qe2 Qc7 16. Nd2 b6 17. Be4 Bb7 18. Bxb7 Qxb7 19. f4 Ng6 20. Rg1 (20. O-O $14) 20... Rac8 21. g3 Rc5 22. Nb3 $36 {[%emt 0:02:15][%mdl 2048] White fights for an advantage.} Rc7 23. Rd4 Rhc8 24. Kf2 (24. Rf1 $11) 24... a5 (24... e5 $15 {keeps the upper hand.} 25. Rd5 Rxc4) 25. Rgd1 Rg8 ({Better is} 25... e5 $14 26. Rd6 Rxc4) 26. e4 (26. Nd2 $1 $18 {and White stays clearly on top.}) 26... e5 27. Rd5 {[%emt 0:04:11] aiming for f5.} exf4 {[%emt 0:00:31] [#]} (27... a4 $142) 28. g4 $2 (28. Nd4 $1 $16 {[%cal Rd4f5] is forced if you want to stay better.}) 28... f3 (28... Ne5 $17 29. h3 Qc6) 29. Qd2 {[%emt 0:02:23] Strongly threatening Nd4.} Ne5 {[%emt 0:07:31] Chess con chili.} 30. Qf4 (30. Nd4 $1 $11 Rg6 31. Qf4 (31. Nxf3 Nxg4+ 32. Kf1 Ne5 $11) 31... Rxc4 32. Rxe5+ (32. Nxf3 Nxf3 33. Rxd7+ Qxd7 $15) 32... fxe5 33. Qxe5+ Kf8 34. Qh8+ Rg8 35. Qf6) 30... Nxg4+ ({Of course not} 30... Rxc4 $6 31. Rxe5+ fxe5 32. Qxe5+ Kd8 33. Qf6+ Ke8 34. Qe5+ Kf8 35. Qd6+ Ke8 36. Qe5+ Kf8 37. Qd6+ Ke8 38. Qe5+ $11) 31. Kf1 {[%emt 0:00:54] Threatens to win with Nd4.} Qc6 ({Resist} 31... Rxc4 32. Rxd7+ Qxd7 33. Rxd7+ Kxd7 34. h3 Nh2+ 35. Qxh2 $11) 32. c5 (32. R1d4 $17 Kf8 33. Rd6) 32... Qb5+ (32... bxc5 $19 33. c4 {[#]} Qa6 $1 34. Qxc7 Qxc4+ 35. R1d3 (35. R5d3 Ne3+ 36. Ke1 Rg1+ 37. Kf2 Nxd1+ 38. Kxg1 f2+ 39. Kg2 Qxe4+ 40. Rf3 Qxf3+ 41. Kxf3 f1=Q+ 42. Kg3 Qg1+ 43. Kf3 Qf2+ 44. Ke4 Qe2+ 45. Kd5 Ne3+ 46. Ke4 f5+ 47. Kf4 f6 48. Qxc5+ Kf7) 35... Ne3+ 36. Kf2 Nxd5 37. Qxc5+ Qxc5+ 38. Nxc5 d6) 33. R1d3 $17 ({But not} 33. c4 $2 Qxc4+ 34. R1d3 Ne5 35. Rxe5+ fxe5 $19) 33... Ne5 34. Rd6 (34. c6 $17 Qc4 35. cxd7) 34... Rg6 $19 35. Rxf6 Qxd3+ {[%emt 0:00:06] Weighted Error Value: White=0.70/Black=0.34} 0-1

[Event "44th Chess Olympiad Open 2022"]
[Site "Chennai"]
[Date "2022.08.05"]
[Round "7.56"]
[White "Miguel, Sergio"]
[Black "Al Maashani, Amer"]
[Result "1-0"]
[ECO "B59"]
[WhiteElo "2274"]
[BlackElo "1947"]
[Annotator "NA RC"]
[PlyCount "105"]
[EventDate "2022.07.29"]
[EventType "team-tourn"]
[EventCountry "IND"]
[SourceTitle "playchess.com"]
[Source "ChessBase"]
[SourceQuality "1"]
[WhiteTeam "Angola"]
[BlackTeam "OMA"]
[WhiteTeamCountry "ANG"]
[TimeControl "40/5400+30:1800+30"]

1. e4 c5 2. Nf3 Nc6 3. d4 cxd4 4. Nxd4 Nf6 5. Nc3 d6 6. Be2 e5 7. Nb3 Be6 8. O-O d5 9. exd5 Nxd5 10. Ne4 Ndb4 11. Bd2 Bxb3 12. axb3 Qd4 13. Bf3 Qb6 14. c3 Nd5 15. b4 Rd8 16. Qb3 Be7 17. Ng5 Bxg5 18. Bxg5 Nf6 19. Qa4 Rd7 20. b5 Nd8 21. Be3 Qc7 22. Qxa7 O-O 23. Qc5 Ne6 24. Qxc7 Rxc7 25. Bb6 Rd7 26. Rfd1 e4 27. Be2 Nd5 28. Be3 Rfd8 29. Bg4 Kf8 30. Bxe6 fxe6 31. Bg5 Nf6 32. Rxd7 Rxd7 33. Kf1 Rd5 34. Bxf6 gxf6 35. c4 Rd2 36. b3 Ke7 37. Ra7 Kd6 38. Rxb7 Rb2 39. Rb6+ Ke5 40. Rc6 f5 41. g3 h5 42. b6 Kd4 43. Rxe6 Rxb3 44. Rc6 h4 45. gxh4 f4 46. Kg2 Rb2 47. h5 e3 48. h6 Rxf2+ 49. Kg1 Rf3 50. h7 Rh3 51. b7 f3 52. b8=Q f2+ 53. Kf1 1-0

[Event "44th Chess Olympiad Open 2022"]
[Site "Chennai"]
[Date "2022.08.05"]
[Round "7.56"]
[White "Junior, Domingos"]
[Black "Salim Issa, Ali Shamas"]
[Result "1-0"]
[ECO "B75"]
[WhiteElo "2107"]
[BlackElo "1851"]
[Annotator "NA RC"]
[PlyCount "67"]
[EventDate "2022.07.29"]
[EventType "team-tourn"]
[EventCountry "IND"]
[SourceTitle "playchess.com"]
[Source "ChessBase"]
[SourceQuality "1"]
[WhiteTeam "Angola"]
[BlackTeam "OMA"]
[WhiteTeamCountry "ANG"]
[TimeControl "40/5400+30:1800+30"]

1. e4 c5 2. Nf3 d6 3. d4 cxd4 4. Nxd4 Nf6 5. Nc3 g6 6. Bc4 Bg7 7. f3 Nc6 8. Be3 Bd7 9. Qd2 a6 10. O-O-O Na5 11. Bb3 Qc7 12. g4 Rc8 13. Kb1 b5 14. g5 Nh5 15. Nd5 Qd8 16. Ne2 Nc4 17. Bxc4 Rxc4 18. b3 Rc6 19. Ng3 Nxg3 20. hxg3 a5 21. Bd4 e5 22. Bc3 b4 23. Bb2 Be6 24. f4 Kf8 25. Ne3 exf4 26. Bxg7+ Kxg7 27. Qd4+ f6 28. gxf4 a4 29. f5 Bf7 30. Ng4 gxf5 31. Nxf6 Bg6 32. Nh5+ Kf7 33. Qg7+ Ke6 34. Nf4# 1-0

[Event "44th Chess Olympiad Open 2022"]
[Site "Chennai"]
[Date "2022.08.05"]
[Round "7.56"]
[White "Salim Mohammed, Salim Al Amri"]
[Black "Dias, Vanderson"]
[Result "0-1"]
[ECO "B10"]
[WhiteElo "1917"]
[BlackElo "2139"]
[Annotator "TA"]
[PlyCount "134"]
[EventDate "2022.07.29"]
[EventType "team-tourn"]
[EventCountry "IND"]
[SourceTitle "playchess.com"]
[Source "ChessBase"]
[SourceQuality "1"]
[WhiteTeam "OMA"]
[BlackTeam "Angola"]
[BlackTeamCountry "ANG"]
[TimeControl "40/5400+30:1800+30"]

1. e4 c6 2. Nf3 d5 3. d3 dxe4 4. Ng5 Nf6 5. Nc3 exd3 6. Bxd3 {[%emt 0:00:18][%cal Og5f7] [#] Black must now prevent Nxf7! B10: Caro-Kann: 2 d3 and 2 c4.} Qc7 $146 ({Predecessor:} 6... h6 7. Nxf7 Qc7 8. Nxh8 Bg4 9. Bg6# {1-0 (9) Korolev,N (1517)-Kolomeets,D (1212) Sochi 2019}) 7. O-O h6 8. Nge4 {[%emt 0:00:02] Black is slightly better.} Nxe4 ({Reject} 8... Ng4 9. f4 $14) 9. Nxe4 g6 10. Be3 ({White should play} 10. Qf3 $11) 10... Bg7 $15 11. Qd2 Bf5 12. Rfe1 Bxe4 (12... Bxb2 $2 13. Bf4 Be5 14. Bxe5 Qxe5 15. Qb4 $16) 13. Bxe4 Nd7 14. Rad1 Rd8 15. Qc1 h5 16. Bg5 Nf6 17. Bd3 O-O 18. h3 Rfe8 19. c4 Nh7 20. Be3 c5 (20... Rd7 {is interesting.} 21. Bf4 Bxb2 22. Qxb2 Qxf4 23. Bxg6 Red8) 21. Be4 b6 22. Bf4 e5 23. Bg3 Rxd1 24. Rxd1 Rd8 25. Bh4 ({White should try} 25. Re1 $15) 25... Rxd1+ 26. Qxd1 {[%emt 0:00:02] [#]} Bf6 $1 27. Bg3 Kg7 (27... Bg5 $142 28. Qf3 Qd6) 28. Qd2 Qe7 29. f3 Ng5 30. Bd5 e4 {[%emt 0:01:31] Hoping for ...exf3.} 31. h4 e3 32. Qe2 Nh7 33. Bf4 Bxh4 (33... Be5 $142 34. Bxe3 (34. Qxe3 $2 Bd4 $19) 34... Qxh4 35. Bh6+ Kf6 36. Bg7+ Kxg7 37. Qxe5+ Nf6) 34. Bxe3 (34. Qxe3 $17 Qxe3+ 35. Bxe3) 34... Bf6 (34... Bg5 $19 35. Kf2 Bxe3+ 36. Qxe3 Qh4+ 37. Kf1 Qf6) 35. Qd2 Bg5 36. f4 Bf6 37. Qf2 Nf8 38. g3 Ne6 39. f5 (39. b3 $17 {was called for.}) 39... Nd4 $19 40. fxg6 fxg6 41. Kg2 {[%emt 0:30:07] [#]} Nf5 42. Bf4 Be5 43. Qd2 (43. Be4 $142) 43... Bxf4 44. Qxf4 {[%emt 0:00:05][%mdl 4096] Endgame KQB-KQN} Qe2+ 45. Kh3 Qe3 46. Qb8 h4 47. Qxa7+ $2 (47. Qc7+ {is more resistant.} Kh6 48. Qf4+ Qxf4 49. gxf4) 47... Kh6 48. Qb8 hxg3 49. Qf8+ Kg5 50. Qd8+ Qe7 51. Qxe7+ Nxe7 {[%emt 0:00:00] KB-KN} 52. Bb7 (52. Kxg3 Nxd5 53. cxd5 Kf5 $19) (52. Be6) 52... Kf4 53. a3 Nf5 {[%emt 0:00:00] ( -> ...Ne3)} 54. b4 Ne3 {[%emt 0:00:00] Black mates.} 55. bxc5 bxc5 56. a4 Nxc4 57. Ba6 Ne3 58. Bd3 g5 59. Be2 g4+ 60. Bxg4 g2 61. Kh2 Kxg4 {[%emt 0:00:17] KN-KP} 62. a5 Kf3 63. Kg1 Nd5 64. a6 c4 65. a7 Nc7 66. a8=R Nxa8 67. Kh2 Kf2 {[%emt 0:00:00] Weighted Error Value: White=0.52/Black=0.15 (very precise)} 0-1

[Event "44th Chess Olympiad Open 2022"]
[Site "Chennai"]
[Date "2022.08.05"]
[Round "7.57"]
[White "Guzman, Christopher"]
[Black "Asante Debesai Zerabruk"]
[Result "1-0"]
[ECO "B07"]
[WhiteElo "2243"]
[BlackElo "1785"]
[Annotator "NA RC"]
[PlyCount "79"]
[EventDate "2022.07.29"]
[EventType "team-tourn"]
[EventCountry "IND"]
[SourceTitle "playchess.com"]
[Source "ChessBase"]
[SourceQuality "1"]
[WhiteTeam "Dominican Republic"]
[BlackTeam "Eritrea"]
[WhiteTeamCountry "DOM"]
[BlackTeamCountry "ERI"]
[TimeControl "40/5400+30:1800+30"]

1. e4 d6 2. d4 Nf6 3. Nc3 Nbd7 4. g3 e5 5. Bg2 Be7 6. Nge2 c6 7. a4 a5 8. O-O O-O 9. h3 Re8 10. Kh2 Qc7 11. Be3 Bf8 12. f4 g6 13. Qd2 b6 14. Rad1 Ba6 15. Rfe1 Rad8 16. Ng1 Nh5 17. Qf2 Bh6 18. d5 c5 19. Bf1 Bxf1 20. Qxf1 exf4 21. gxf4 Ndf6 22. Qf3 Re7 23. Bd2 Rde8 24. Re2 Kh8 25. Rde1 Qd7 26. Nb5 Qd8 27. c4 Qd7 28. Kh1 Qd8 29. Bc3 Kg8 30. e5 Nxf4 31. Nxd6 Nxe2 32. Rxe2 Nh5 33. Nf5 Bf4 34. Rg2 Rxe5 35. Qxh5 Kf8 36. Qxh7 Rxf5 37. Rxg6 Ke7 38. Re6+ Kd7 39. Rxe8 Qg5 40. Rg8 1-0

[Event "44th Chess Olympiad Open 2022"]
[Site "Chennai"]
[Date "2022.08.05"]
[Round "7.57"]
[White "Kibrom Weldegebriel Beraki"]
[Black "Munoz Santana, Jose Lisandro"]
[Result "0-1"]
[ECO "A54"]
[WhiteElo "1793"]
[BlackElo "2423"]
[Annotator "TA"]
[PlyCount "104"]
[EventDate "2022.07.29"]
[EventType "team-tourn"]
[EventCountry "IND"]
[SourceTitle "playchess.com"]
[Source "ChessBase"]
[SourceQuality "1"]
[WhiteTeam "Eritrea"]
[BlackTeam "Dominican Republic"]
[WhiteTeamCountry "ERI"]
[BlackTeamCountry "DOM"]
[TimeControl "40/5400+30:1800+30"]

1. d4 Nf6 2. c4 d6 3. Nf3 Nbd7 4. Nc3 e5 5. Bg5 Be7 6. e3 O-O 7. Be2 Ne8 {[%emt 0:02:23] A54: Old Indian Defence with Nf3, but without e4.} 8. Bxe7 Qxe7 9. O-O e4 {[%emt 0:02:12] White has an edge.} 10. Nd2 {[%emt 0:02:04][%cal Bf3d2,Bd2b3,Bb3a5][%mdl 32] [#]} f5 $146 ({Predecessor:} 10... Nef6 11. Qc2 Re8 12. Rac1 c6 13. f3 exf3 14. Bxf3 Nf8 15. Nde4 Nxe4 16. Bxe4 Be6 {1-0 (38) Heilemann,M-Weiss,S Voelklingen 1970}) 11. b4 Ndf6 12. Nb3 Ng4 13. Rc1 Bd7 14. c5 Nef6 15. Na5 b6 16. Nb3 d5 17. Qd2 Be6 18. Rc2 g5 19. a4 (19. Qc1 $1 $14) 19... Kh8 20. a5 bxa5 21. Nxa5 Qg7 (21... f4 {with more complications.} 22. h3 f3 23. gxf3 Nh6) 22. f3 (22. Bxg4 $11 Nxg4 23. f3 exf3 24. gxf3) 22... exf3 $17 23. gxf3 {[%emt 0:08:19] [#]} Nh6 (23... Nxh2 $1 $17 {[%cal Og5g4] Strongly threatening ...g4!} 24. Kxh2 f4) 24. Kh1 $1 $11 Rg8 25. Rg1 Bd7 {[%emt 0:06:44] Inhibits Nc6.} 26. Bd1 (26. Nb5 $11 {deserves consideration.}) 26... Qe7 $15 27. c6 Be6 28. Rb2 ({Better is} 28. Nb7 $11) 28... Rae8 29. Nb7 Bc8 30. Bb3 Bxb7 $2 (30... Qxe3 $11 {and Black is okay.} 31. Nxd5 (31. Qxe3 Rxe3 32. Rc2 Be6 $15) 31... Qxf3+ 32. Qg2 Qxg2+ 33. Rbxg2 Nxd5 34. Bxd5 Rgf8 35. Rxg5 Ng4) 31. cxb7 $18 c6 32. b5 $1 Qxb7 33. bxc6 Qf7 34. Nb5 (34. Rbb1 $16) 34... Rb8 (34... Qe7 $11) 35. Qa5 {[%emt 0:00:00] c7 is the strong threat.} Qe8 {[%emt 0:00:30] [#]} (35... g4 $16) 36. Re1 $2 {[%emt 0:03:04] [#]} (36. c7 $1 $18 Rb6 37. Nxa7 Qxe3 38. Rbg2 $1 (38. Qxb6 Qxf3+ 39. Rgg2 Qf1+ 40. Rg1 Qf3+ 41. Rgg2 Qf1+ 42. Rg1 Qf3+ $11) 38... Qxb3 39. c8=Q Rxc8 40. Nxc8) 36... Qxc6 ({Black should try} 36... g4 $1 37. Bd1 gxf3 38. Bxf3 Qxc6 39. Nxa7 Qd7 40. Rxb8 Rxb8) 37. Ba4 (37. Nc3 $17) 37... Qe6 {[%emt 0:02:09] White must now prevent ...f4.} 38. Rc2 $2 (38. Bd1 $17 {is a better defense.}) 38... g4 39. Nc7 Qf7 40. Bc6 Rbc8 41. Bb7 $2 (41. Nxd5 gxf3 42. Nxf6 Qxf6 43. d5) 41... Rcd8 42. f4 g3 43. h3 g2+ 44. Rxg2 Qh5 45. Rg5 Qxh3+ 46. Kg1 Rxg5+ 47. fxg5 Qg3+ 48. Kf1 Qf3+ 49. Kg1 Rg8 {[%emt 0:00:39] Black mates.} 50. Ne6 Ne4 51. Qa2 Nxg5 {[%emt 0:00:28] Pair of Knights!} 52. Nf4 Nh3+ {[%emt 0:00:13] Weighted Error Value: White=0.74/Black=0.26 (precise)} 0-1

[Event "44th Chess Olympiad Open 2022"]
[Site "Chennai"]
[Date "2022.08.05"]
[Round "7.57"]
[White "Samuel Merhawi Gebrehiwet"]
[Black "Arvelo Leo, Gian Carlo"]
[Result "0-1"]
[ECO "A32"]
[WhiteElo "1616"]
[BlackElo "2176"]
[Annotator "NA"]
[PlyCount "138"]
[EventDate "2022.07.29"]
[EventType "team-tourn"]
[EventCountry "IND"]
[SourceTitle "playchess.com"]
[Source "ChessBase"]
[SourceQuality "1"]
[WhiteTeam "Eritrea"]
[BlackTeam "Dominican Republic"]
[WhiteTeamCountry "ERI"]
[BlackTeamCountry "DOM"]
[TimeControl "40/5400+30:1800+30"]

1. Nf3 Nf6 2. c4 c5 3. Nc3 e6 4. d4 cxd4 5. Nxd4 a6 6. g3 Qc7 7. Qd3 Nc6 8. Nxc6 dxc6 9. Bg2 e5 10. O-O Be6 11. b3 Be7 12. Bb2 O-O 13. Ne4 Nd7 14. Rad1 Rfd8 15. Qc2 a5 16. a4 f5 17. Nc3 Rf8 18. e4 f4 19. gxf4 exf4 20. f3 Nc5 21. Ne2 Rad8 22. Nd4 Bc8 23. Kh1 Bf6 24. Ne2 Bxb2 25. Qxb2 Nd3 26. Qc2 Qd7 27. Nc3 Qd4 28. Rd2 Nb4 29. Rxd4 Nxc2 30. Rxd8 Rxd8 31. Rc1 Ne3 32. Ne2 g5 33. h4 Rd2 34. Bf1 Nxf1 35. Rxf1 Rxe2 36. hxg5 Rd2 37. Re1 Be6 38. e5 Rd4 39. Kg2 Kg7 40. Kf2 Rd2+ 41. Kg1 Kg6 42. Rb1 c5 43. Kh1 Kf5 44. Re1 Kxg5 45. Rg1+ Kh6 46. Re1 Kg6 47. Rg1+ Kf5 48. Rg7 Rd7 49. Rg4 Kxe5 50. Rg5+ Bf5 51. Rg8 Bc2 52. Ra8 b6 53. Re8+ Kd4 54. Re6 Rb7 55. Kh2 Bf5 56. Rf6 Ke5 57. Rf8 Rd7 58. Rb8 Rd6 59. Kg2 Bc2 60. Rb7 h6 61. Re7+ Kf6 62. Re2 Bxb3 63. Re4 Kf5 64. Kh3 Bxa4 65. Kh4 Bd1 66. Re8 Bxf3 67. Re7 Rd1 68. Rf7+ Ke5 69. Re7+ Kf6 0-1

[Event "44th Chess Olympiad Open 2022"]
[Site "Chennai"]
[Date "2022.08.05"]
[Round "7.58"]
[White "El Jawich, Amro"]
[Black "Diarra, Sirike"]
[Result "1-0"]
[ECO "B30"]
[WhiteElo "2314"]
[BlackElo "1641"]
[Annotator "TA"]
[PlyCount "46"]
[EventDate "2022.07.29"]
[EventType "team-tourn"]
[EventCountry "IND"]
[SourceTitle "playchess.com"]
[Source "ChessBase"]
[SourceQuality "1"]
[WhiteTeam "Lebanon"]
[BlackTeam "Mali"]
[WhiteTeamCountry "LBN"]
[BlackTeamCountry "MLI"]
[TimeControl "40/5400+30:1800+30"]

1. e4 c5 2. Nf3 Nc6 3. Bb5 Nf6 4. e5 Nd5 5. O-O e6 6. c4 {[%emt 0:09:31] B30: Sicilian: 2...Nc6 3 Bb5, lines without ...g6.} Nc7 (6... Ndb4 $11) 7. Bxc6 $14 bxc6 8. Nc3 {[%emt 0:05:26] White is better.} Be7 {[%emt 0:00:43] [#]} 9. b3 $146 ({Predecessor:} 9. Ne4 O-O 10. d3 Rb8 11. b3 d6 12. exd6 Bxd6 13. d4 cxd4 14. Qxd4 Be7 15. Qxa7 {1-0 (24) Kerecsenyi,Z (1298)-Jokmin,A (1172) LSS email 2009}) 9... O-O 10. Ba3 Na6 11. Ne4 f5 12. Nd6 {[%emt 0:02:59] White is more active.} Bxd6 (12... Qa5 $16 13. Bc1 Rb8) 13. exd6 $18 Qf6 14. Re1 {[%emt 0:07:04][%cal Bf1e1,Be1e3,Be3h3,Bh3h5][%mdl 32] Prevents e5.} Bb7 15. Ne5 Rad8 16. Bb2 Qh6 $2 (16... Qg5 {was necessary.} 17. Bc3 Ra8 18. Nxd7 Rfd8) 17. Bc3 {[%emt 0:01:45] [#] Strongly threatening Re3.} Bc8 $2 (17... g6 18. Ba5 Qh4) 18. Re3 f4 19. Rh3 Qg5 20. Rh5 Qf6 21. Qc2 {[%emt 0:04:36][%csl Gh5][%cal Rc2h7] [#]} g6 22. Ng4 Nb4 23. Bxf6 Rxf6 {[%emt 0:02:02] Black got outplayed after the opening.  Weighted Error Value: White=0.11 (very precise) /Black=0.99} 1-0